 Dungeon Crawl Stone Soup version 0.24-a0-7-g1bb0902 (webtiles) character file.

Game seed: 3000189268062478670

75 Lanoc the Vexing (level 4, 0/33 HPs)
             Began as a Demonspawn Wanderer on Jan 30, 2019.
             Slain by an iguana (5 damage)
             ... on level 2 of the Dungeon.
             The game lasted 00:03:24 (1501 turns).

Lanoc the Vexing (Demonspawn Wanderer)              Turns: 1501, Time: 00:03:24

Health: 0/33       AC:  5    Str: 15    XL:     4   Next: 11%
Magic:  5/5        EV: 13    Int: 10    God:
Gold:   67         SH:  0    Dex: 14    Spells: 4/5 levels left

rFire    . . .     SeeInvis .   b - +0 hand axe
rCold    . . .     Gourm    .   (no shield)
rNeg     . . .     Faith    .   c - +0 ring mail
rPois    .         Spirit   .   (no helmet)
rElec    .         Reflect  .   (no cloak)
rCorr    .         Harm     .   (no gloves)
MR       .....                  (no boots)
Stlth    ..........             (no amulet)
HPRegen  0.11/turn              e - ring of attention (curse)
MPRegen  0.09/turn              (no ring)

@: no status effects
A: claws 1, repulsion field 1
a: no special abilities


You were on level 2 of the Dungeon.
You were not hungry.

You visited 1 branch of the dungeon, and saw 2 of its levels.

You collected 67 gold pieces.

Inventory:

Hand Weapons
 b - a +0 hand axe (weapon)
Missiles
 f - 36 arrows
Armour
 c - a +0 ring mail (worn)
Jewellery
 e - a cursed ring of attention (left claw)
Scrolls
 g - 3 scrolls of identify {unknown}
 h - 3 scrolls of remove curse {unknown}
 j - a scroll of enchant armour {unknown}
 l - a scroll of fear {unknown}
 m - a scroll of immolation {unknown}
Potions
 a - a potion of ambrosia {unknown}
 i - a potion of flight {unknown}
 k - a potion of mutation {unknown}
Comestibles
 d - 2 rations


   Skills:
 + Level 2.0 Fighting
 - Level 1.7 Axes
 + Level 2.2 Armour
 + Level 1.7 Dodging
 - Level 1.0 Stealth
   Level 1.0 Shields
 - Level 1.0 Spellcasting
 - Level 3.0 Hexes
   Level 1.0 Ice Magic


You had 4 spell levels left.
You knew the following spells:

 Your Spells              Type           Power        Failure   Level  Hunger
a - Corona                Hex            #......      19%         1    ##.....

Your spell library contained the following spells:

 Spells                   Type           Power        Failure   Level  Hunger
 Ensorcelled Hibernation  Hex/Ice        #.....       41%         2    ###....
 Confuse                  Hex            #.......     50%         3    ####...
 Tukima's Dance           Hex            #.......     50%         3    ####...
 Dazzling Spray           Conj/Hex       #.....       71%         3    ####...


Dungeon Overview and Level Annotations

Branches:
Dungeon (2/15)

Altars:
Fedhas


Innate Abilities, Weirdness & Mutations

You have sharp fingernails.
You are surrounded by a mild repulsion field. (EV +2)


Message History

You are too injured to fight recklessly!
You are too injured to fight recklessly!
You hit the iguana.
The iguana is lightly wounded.
The iguana barely misses you. The iguana closely misses you.
You hit the iguana.
The iguana is lightly wounded.
The iguana bites you!
* * * LOW HITPOINT WARNING * * *
You barely miss the iguana.
The iguana is lightly wounded.
The iguana bites you.
* * * LOW HITPOINT WARNING * * *
You barely miss the iguana.
The iguana is lightly wounded.
The iguana barely misses you.
You hit the iguana but do no damage.
The iguana is lightly wounded.
The iguana misses you. The iguana bites you.
You die...

##.......###.##..####.
#.........##........#(
+.........'...#####.#.
#.........###.# #.
#..>..<)## #.# ##
##..!..## #.# #
##...## #.# # ##'##
#.. # #@# ### #l# .l.
....# #..... #......
#.#.##. #.#.# .#


You could see an iguana and a frilled lizard.

Vanquished Creatures
  3 adders (D:2)
  A worm (D:2)
  2 leopard geckos
  A ball python (D:2)
  2 giant cockroaches (D:1)
  3 goblins
  A hobgoblin (D:1)
  6 jackals
  4 bats
  10 frilled lizards
  7 kobolds
  7 rats
47 creatures vanquished.

Notes
Turn   | Place    | Note
-------+----------+-------------------------------------------
     0 | D:1      | Lanoc the Demonspawn Wanderer began the quest for the Orb.
     0 | D:1      | Lanoc set off with the following items: a +0 hand axe, a +0
                  | ring mail, a ration; and the following spell memorised:
                  | Corona; and the following spells available to memorise:
                  | Ensorcelled Hibernation, Confuse, Tukima's Dance, Dazzling
                  | Spray
     0 | D:1      | Reached XP level 1. HP: 13/13 MP: 2/2
   198 | D:1      | Gained mutation: You are surrounded by a mild repulsion
                  | field. (EV +2) [demonic ancestry]
   198 | D:1      | Reached XP level 2. HP: 11/20 MP: 3/3
   346 | D:1      | Reached skill level 1 in Fighting
   423 | D:1      | Reached skill level 1 in Dodging
   916 | D:2      | Reached XP level 3. HP: 20/26 MP: 4/4
  1033 | D:2      | Found a blossoming altar of Fedhas.
  1303 | D:2      | Gained mutation: You have sharp fingernails. [demonic
                  | ancestry]
  1303 | D:2      | Reached XP level 4. HP: 16/33 MP: 5/5
  1501 | D:2      | Slain by an iguana

Vault maps used:
D:1:      dpeg_arrival_round_c
D:2:      minmay_evil_eye, fedhas_ov_isle_minmay

Skill      XL: |  1  2  3 |
---------------+----------+-----
Fighting       | 1 2 |  2.0
Dodging        | 1 |  1.7
Armour         | 2 |  2.2
Axes           | |  1.7
Stealth        | |  1.0
Shields        | |  1.0
Spellcasting   | |  1.0
Hexes          | |  3.0
Ice Magic      | |  1.0

Action                   |  1- 3 |  4- 6 || total
-------------------------+-------+-------++-------
Melee: Hand axe          |   190 |    35 ||   225
  Eat: Chunk             |     1 |     1 ||     2
Armor: Ring mail         |    77 |     8 ||    85
Dodge: Dodged            |   159 |    25 ||   184

Table legend:
 A = Non-vault XP
 B = Vault XP
 C = Vault XP percentage of total XP
 D = Non-vault monster count
 E = Vault monster count
 F = Vault count percentage of total count
                 A         B        C        D         E       F
            +---------+---------+-------+---------+---------+-------
      Total |      67 |      41 |  38.0 |      42 |       5 |  10.6
            +---------+---------+-------+---------+---------+-------
        D:1 |      40 |       0 |   0.0 |      27 |       0 |   0.0
        D:2 |      27 |      41 |  60.3 |      15 |       5 |  25.0
            +---------+---------+-------+---------+---------+-------
